 Dungeon Crawl Stone Soup version 0.23-a0-451-g1044d4c (webtiles) character file.

74 Lavandula the Gusty (level 4, 0/36 HPs)
             Began as a Naga Air Elementalist on Nov 23, 2018.
             Slain by a bullfrog skeleton (6 damage)
             ... on level 4 of the Dungeon.
             The game lasted 00:03:50 (593 turns).

Lavandula the Gusty (Naga Air Elementalist)          Turns: 593, Time: 00:03:51

Health: 0/36       AC:  2    Str: 11    XL:     4   Next: 28%
Magic:  1/7        EV: 15    Int: 16    God:
Gold:   73         SH:  0    Dex: 16    Spells: 5/8 levels left

rFire    . . .     SeeInvis +   d - +0 dagger
rCold    . . .     Gourm    .   (no shield)
rNeg     . . .     Faith    .   a - +0 robe
rPois    +         Spirit   .   (no helmet)
rElec    .         Reflect  .   (no cloak)
rCorr    .         Harm     .   (no gloves)
MR       .....                  (no barding)
Stlth    ++........             (no amulet)
HPRegen  0.12/turn              (no ring)
MPRegen  0.10/turn              (no ring)

@: confused, agile, very slightly contaminated, very slow
A: large, see invisible, deformed body, poison resistance, slowness 2, slow
metabolism 1, spit poison 1, AC +1
a: Spit Poison


You were on level 4 of the Dungeon.
You were not hungry.

You visited 1 branch of the dungeon, and saw 4 of its levels.

You collected 73 gold pieces.

Inventory:

Hand Weapons
 d - a +0 dagger (weapon)
Armour
 a - a +0 robe (worn)
Scrolls
 g - a scroll of enchant weapon {unknown}
Comestibles
 c - 7 rations


   Skills:
 + Level 1.9 Dodging
 + Level 3.2 Stealth
 + Level 2.5 Spellcasting
 + Level 1.7 Conjurations
 + Level 4.0 Air Magic


You had 5 spell levels left.
You knew the following spells:

 Your Spells              Type           Power        Failure   Level  Hunger
a - Shock                 Conj/Air       ##..         6%          1    #......
b - Swiftness             Chrm/Air       #.......     13%         2    ##.....

Your spell library contained the following spells:

 Spells                   Type           Power        Failure   Level  Hunger
 Static Discharge         Conj/Air       ##......     19%         3    ###....
 Airstrike                Air            ##........   36%         4    #####..
 Lightning Bolt           Conj/Air       ##........   86%         5    ######.


Dungeon Overview and Level Annotations

Branches:
Dungeon (4/15)
 Temple: D:4-7

Altars:


Innate Abilities, Weirdness & Mutations

You cannot wear boots.
Your serpentine skin is tough. (AC +1)
You have supernaturally acute eyesight. (SInv)
Armour fits poorly on your strangely shaped body.
Your system is resistant to poisons. (rPois)
You cover ground very slowly.
You have a slow metabolism.
You can spit poison.


Message History

The bullfrog skeleton hits you. The orc wizard closely misses you.
You barely miss the orc wizard.
The orc wizard is moderately wounded.
The orc wizard gestures wildly while chanting.
The orc wizard blinks!
The bullfrog skeleton hits you.
* * * LOW HITPOINT WARNING * * *
The orc wizard barely misses you.
You're too confused to cast spells.
Okay, then.
It was a potion of agility.
You feel agile all of a sudden.
The orc wizard gestures wildly while chanting.
The orc wizard blinks!
The bullfrog skeleton hits you.
* * * LOW HITPOINT WARNING * * *
The orc wizard closely misses you.
Unknown command.
You miss the orc wizard.
The orc wizard is lightly wounded.
The bullfrog skeleton hits you.
You die...

###.#######
.##.o...)§..#
........###Z#
##...##.# #.# ##.
#.# #.# #o# #.#
#.# #.########
.###.###.o.o.†..#
#.....[..Z@.....#
.###.....#####..#
.............#..#
########.###.#..#
#[# #.#..# #.#
#.#<.# #.# #o#..#
##.###....#
#..o..o...#


You could see 2 orc wizards and a bullfrog skeleton.

Vanquished Creatures
  An orc priest (D:4)
  An adder (D:2)
  A worm (D:2)
  A dart slug (D:2)
  A leopard gecko (D:4)
  2 orcs
  2 bats
  2 giant cockroaches (D:2)
  6 goblins
  2 hobgoblins
  A quokka (D:2)
  2 ball pythons (D:2)
  3 frilled lizards
  2 rats
27 creatures vanquished.

Notes
Turn   | Place    | Note
-------+----------+-------------------------------------------
     0 | D:1      | Lavandula the Naga Air Elementalist began the quest for the
                  | Orb.
     0 | D:1      | Reached XP level 1. HP: 15/15 MP: 3/3
    99 | D:2      | Reached XP level 2. HP: 22/22 MP: 5/5
   178 | D:2      | Reached XP level 3. HP: 28/28 MP: 2/6
   182 | D:2      | Learned a level 2 spell: Swiftness
   576 | D:4      | Reached skill level 4 in Air Magic
   576 | D:4      | Reached XP level 4. HP: 28/36 MP: 1/7
   593 | D:4      | Slain by a bullfrog skeleton

Vault maps used:
D:1:      dpeg_arrival_tiny_a, serial_forest, infiniplex_forest_clump_diagonal,
          infiniplex_forest_corner_1, infiniplex_forest_straight_2,
          infiniplex_forest_clump_medium, infiniplex_forest_lined_3,
          infiniplex_forest_clump_small, infiniplex_forest_straight_3,
          infiniplex_forest_clump_long
D:2:      minmay_chambers_of_ones, first_ration, serial_bayou_pond_a,
          corexii_shack
D:3:      chequers_ecumenical_altar_simple_redux
D:4:      gammafunk_ghost_stat_death, serial_shops, shop

Skill      XL: |  1  2  3 |
---------------+----------+-----
Air Magic      | 4 |  4.0
Dodging        | |  1.9
Stealth        | |  3.2
Spellcasting   | |  2.5
Conjurations   | |  1.7

Action                   |  1- 3 |  4- 6 || total
-------------------------+-------+-------++-------
Melee: Dagger            |     1 |     5 ||     6
 Cast: Shock             |    27 |     2 ||    29
 Abil: Spit Poison       |    22 |     1 ||    23
  Use: Potion            |     1 |     2 ||     3
       Scroll            |       |     1 ||     1
Armor: Robe              |     4 |     5 ||     9
Dodge: Dodged            |    15 |     8 ||    23

Table legend:
 A = Non-vault XP
 B = Vault XP
 C = Vault XP percentage of total XP
 D = Non-vault monster count
 E = Vault monster count
 F = Vault count percentage of total count
                 A         B        C        D         E       F
            +---------+---------+-------+---------+---------+-------
      Total |     104 |       2 |   1.9 |      26 |       1 |   3.7
            +---------+---------+-------+---------+---------+-------
        D:1 |       3 |       0 |   0.0 |       2 |       0 |   0.0
        D:2 |      41 |       2 |   4.7 |      14 |       1 |   6.7
        D:3 |      10 |       0 |   0.0 |       6 |       0 |   0.0
        D:4 |      50 |       0 |   0.0 |       4 |       0 |   0.0
            +---------+---------+-------+---------+---------+-------
